 Dungeon Crawl Stone Soup version 0.30-a0-972-gf3ab3527aa (webtiles) character file.

Game seed: 16140794867386033887

20885 DeathPants the Reanimator (level 12, -4/67 HPs)
             Began as a Vine Stalker Necromancer on Mar 31, 2023.
             Was an Initiate of Gozag.
             Slain by a frost giant
             ... wielding a +2 battleaxe of freezing
              (23 damage)
             ... on level 11 of the Dungeon.
             The game lasted 00:40:21 (11216 turns).

DeathPants the Reanimator (VSNe)                   Turns: 11216, Time: 00:40:21

Health: -4/67      AC: 27    Str: 12    XL:     12   Next: 84%
Magic:  0/22       EV: 14    Int: 17    God:    Gozag
Gold:   2121       SH:  0    Dex: 17    Spells: 14/23 levels left

rFire   . . .      SeeInvis .    b - +2 dagger (protect)
rCold   . . .      Faith    .    (no shield)
rNeg    . . .      Spirit   +    J - +0 swamp dragon scales
rPois   +          Reflect  .    P - +0 helmet
rElec   .          Rampage  .    D - +2 cloak {rCorr}
rCorr   +                        q - +1 pair of gloves
Will    +....                    l - +0 pair of boots
Stlth   +++                      (no amulet)
HPRegen 1.11/turn                v - +4 ring of slaying
MPRegen 0.18/turn                s - +4 ring of protection

@: under a protective aura
A: fangs 3, regeneration 1, magic shield, antimagic bite, no potion heal 2
a: Renounce Religion, Potion Petition, Call Merchant, Bribe Branch


You were on level 11 of the Dungeon.
You worshipped Gozag.
Gozag was most pleased with you.
You visited 2 branches of the dungeon, and saw 15 of its levels.

You collected 2374 gold pieces.
You spent 210 gold pieces at shops.
You paid 43 gold pieces to Gozag.

Inventory:

Hand Weapons
 a - a +2 rapier of venom
 b - a +2 dagger of protection (weapon)
 G - a +0 scimitar
Missiles
 g - 4 curare-tipped darts
 j - 47 poisoned darts
 r - a boomerang
 x - 3 boomerangs of dispersal
 M - 2 atropa-tipped darts
 O - 4 throwing nets
Armour
 l - a +0 pair of boots (worn)
 q - a +1 pair of gloves (worn)
 D - a +2 cloak of preservation (worn)
 J - +0 swamp dragon scales (worn)
 P - a +0 helmet (worn)
Jewellery
 i - the ring of Leaves {rC- rN++ Dex+6}
   (You took it off a kobold brigand on level 10 of the Dungeon)

   [ring of dexterity]

   Dex:       It affects your dexterity (+6).
   rC:        It makes you vulnerable to cold.
   rN:        It greatly protects you from negative energy.
 p - a ring of willpower
 s - a +4 ring of protection (right hand)
 v - a +4 ring of slaying (left hand)
 F - a ring of protection from fire
Wands
 c - a wand of paralysis (5)
 z - a wand of digging (4)
 E - a wand of polymorph (7)
 H - a wand of iceblast (8)
 N - a wand of mindburst (7)
Scrolls
 f - 3 scrolls of teleportation
 h - 4 scrolls of vulnerability
 k - 2 scrolls of fear
 I - a scroll of enchant weapon
Potions
 d - 3 potions of flight
 e - a potion of attraction
 m - 2 potions of brilliance
 n - a potion of resistance
 o - 5 potions of lignification
 t - a potion of haste
 u - 4 potions of curing
 w - a potion of mutation
 y - a potion of magic
 B - a potion of might
 C - a potion of cancellation


   Skills:
 + Level 9.8 Fighting
 - Level 6.2 Short Blades
 - Level 4.3 Armour
 + Level 8.4 Dodging
 - Level 5.5 Stealth
 - Level 6.1 Spellcasting
 + Level 11.4 Necromancy


You had 14 spell levels left.
You knew the following spells:

 Your Spells              Type           Power      Damage    Failure   Level
a - Necrotise             Necr           100%       1d9       1%          1
b - Vampiric Draining     Necr           44%        2d9       1%          3
c - Agony                 Necr           44%        N/A       7%          5

Your spell library contained the following spells:

 Spells                   Type           Power      Damage    Failure   Level
 Apportation              Tloc           10%        N/A       26%         1
 Foxfire                  Conj/Fire      20%        2x1d3     26%         1
 Magic Dart               Conj           20%        1d4       26%         1
 Summon Small Mammal      Summ           20%        N/A       26%         1
 Blink                    Tloc           10%        N/A       38%         2
 Call Imp                 Summ           5%         N/A       38%         2
 Lesser Beckoning         Tloc           10%        N/A       38%         2
 Momentum Strike          Conj/Tloc      10%        3d8       38%         2
 Searing Ray              Conj           10%        2d4       38%         2
 Frozen Ramparts          Ice            10%        1d2       63%         3
 Portal Projectile        Hex/Tloc       10%        N/A       63%         3
 Tukima's Dance           Hex            5%         N/A       63%         3
 Fulminant Prism          Conj/Hex       2%         3d5       95%         4
 Ice Form                 Ice/Tmut       5%         N/A       95%         4
 Petrify                  Tmut/Erth      5%         N/A       95%         4
 Summon Ice Beast         Ice/Summ       5%         N/A       95%         4
 Blade Hands              Tmut           2%         N/A       100%        5
 Fireball                 Conj/Fire      2%         3d4       100%        5
 Starburst                Conj/Fire      2%         6d3       100%        6
 Monstrous Menagerie      Summ           2%         N/A       100%        7
 Necromutation            Tmut/Necr      12%        N/A       100%        8
 Summon Horrible Things   Summ           2%         N/A       100%        8
 Animate Dead             Necr           Unusable   N/A       N/A         4
 Simulacrum               Ice/Necr       Unusable   N/A       N/A         6

Dungeon Overview and Level Annotations

Branches:
Dungeon (14/15)            Temple (1/1) D:4            Lair (0/5) D:9
    Orc (0/2) D:11
 Vaults: D:13-14

Altars:
Ashenzari
Cheibriados
Dithmenos
Elyvilon
Fedhas
Gozag
Hepliaklqana
Kikubaaqudgha
Makhleb
Nemelex Xobeh
Okawaru
Qazlal
Ru
Sif Muna
Trog
Uskayaw
Vehumet
Wu Jian
Xom
Yredelemnul
Zin
The Shining One

Shops:
D:4 !   D:12 [

Annotations:
D:10 exclusions: ice statue and orange crystal statue


Innate Abilities, Weirdness & Mutations

You have razor-sharp teeth.
Your natural rate of healing is unusually fast.
When hurt, damage is shared between your health and your magic reserves.
Your bite disrupts and absorbs the magic of your enemies.
Potions cannot restore your health.


Message History

Magic restored.
HP restored.
You see here a +0 war axe.
There is a stone staircase leading up, spattered with blood here.
There is an open door here.
L - 3 scrolls of identify
As you read the scroll of identify, it crumbles to dust.
w - a potion of mutation
As you read the scroll of identify, it crumbles to dust.
A - a potion of degeneration You drop a potion of degeneration.
As you read the scroll of identify, it crumbles to dust.
K - a potion of heal wounds You drop a potion of heal wounds.
You open the door.
There is an open door here.
You open the door.
There is an open door here.
You see here a staff of death.
There is an open door here.
You open the door.
A frost giant comes into view.
It is wielding a +2 battleaxe of freezing.
There is an open door here.
Found a manual of Shields.
The frost giant shouts!
The frost giant points at you and mumbles some strange words.
The bolt of cold hits you!!!
Ouch! That really hurt!
* * * LOW HITPOINT WARNING * * *
You hit the frost giant but do no damage.
Your weapon exudes an aura of protection.
Casting: Necrotise (safe; 1% risk of failure)
Confirm with . or Enter, or press ? or * to list all spells.
Aiming: Agony (dangerous; 7% risk of failure)
Press: ? - help, Shift-Dir - straight line, f - frost giant
Aim: a frost giant, wielding a +2 battleaxe of freezing (chance to affect: 67%)
The frost giant convulses!
The frost giant hits you with a +2 battleaxe of freezing!!
You die...
Your body crumbles into a pile of gold.

.......#......'......#..# #.#
########......#.....##..# #.##
..............#.....#...######...
#'#'###.......#.....#............
..<...#.......#.....#............
....).#.......#######............
.....>#..........................
#######....######################
..........)# #.C@.'.............'
...........# #....#####.....#####
...#######.# ##..## $ ##...## #
...#.....#.# #..# #...#
...#.....#.# ##:# #...#
...#..)..#.# ### ##'##
...#.....'.# ##.!.## ...#.....#.#
#+##.....##+# ...#######.#
##..'.....+..##


You could see a frost giant.

Vanquished Creatures
  A yaktaur captain (D:11)
  Harold (D:9)
  A hydra (D:11)
  A death knight (D:11)
  2 boulder beetles (D:11)
  A centaur warrior (D:11)
  2 two-headed ogres
  A skeletal warrior (D:11)
  A flayed ghost (D:11)
  A cyclops (D:11)
  An elephant (D:9)
  Maggie (D:9)
  2 kobold demonologists
  A komodo dragon (D:11)
  A tengu conjurer (D:11)
  A polar bear (D:8)
  2 shadows
  A vampire (D:12)
  A wyvern (D:9)
  3 basilisks
  34 yaks
  A fire elemental (D:12)
  2 vampire mosquitoes (D:9)
  A steam dragon (D:8)
  2 acid dragons (D:12)
  4 water moccasins
  Duvessa (D:6)
  7 ice beasts
  An orc warrior (D:10)
  A black bear (D:8)
  2 sky beasts
  2 ogres
  3 wolves
  2 centaurs
  9 kobold brigands
  2 gnoll sergeants
  2 scorpions (D:6)
  4 bullfrogs
  Dowan (D:6)
  15 wights
  4 killer bees
  12 howler monkeys
  A lava snake (D:12)
  2 jellies
  A gnoll bouda (D:9)
  A hound (D:6)
  11 orc priests
  2 sleepcaps
  4 orc wizards
  19 gnolls
  3 adders
  5 white imps
  4 ufetubi
  A worm (D:2)
  33 orcs
  3 bats
  11 endoplasms
  7 giant cockroaches
  4 goblins
  4 hobgoblins
  8 quokkas
  4 ball pythons
  2 frilled lizards
  22 kobolds
  4 rats
294 creatures vanquished.

Vanquished Creatures (collateral kills)
  A goblin (D:2)
1 creature vanquished.

Vanquished Creatures (others)
  2 fungi (D:9)
  2 plants (D:9)
4 creatures vanquished.

Grand Total: 299 creatures vanquished

Notes
Turn   | Place    | Note
-------+----------+-------------------------------------------
     0 | D:1      | DeathPants the Vine Stalker Necromancer began the quest for
                  | the Orb.
     0 | D:1      | Reached XP level 1. HP: 9/9 MP: 4/4
   246 | D:1      | Reached XP level 2. HP: 14/14 MP: 0/6
  1020 | D:3      | Found a faded altar of an unknown god.
  1113 | D:2      | Reached XP level 3. HP: 14/17 MP: 0/7
  1215 | D:3      | Reached skill level 1 in Fighting
  1537 | D:2      | Learned a level 3 spell: Vampiric Draining
  1851 | D:3      | Gained mutation: Your natural rate of healing is unusually
                  | fast. [Vine Stalker growth]
  1851 | D:3      | Reached XP level 4. HP: 20/22 MP: 4/9
  2255 | D:3      | Reached XP level 5. HP: 13/26 MP: 8/10
  2335 | D:4      | Noticed an ogre
  2403 | D:4      | Killed an ogre
  2404 | D:4      | Reached XP level 6. HP: 30/30 MP: 10/12
  2610 | D:4      | Found Ymogha's Distillery.
  2613 | D:4      | Bought a potion of curing for 42 gold pieces
  2643 | D:4      | Reached skill level 5 in Necromancy
  2650 | D:5      | Entered Level 5 of the Dungeon
  2650 | D:5      | Noticed a water moccasin
  2652 | D:5      | Killed a water moccasin
  2653 | D:5      | Reached XP level 7. HP: 35/35 MP: 13/13
  2877 | D:4      | Found a staircase to the Ecumenical Temple.
  2916 | Temple   | Entered the Ecumenical Temple
  3010 | Temple   | Became a worshipper of Gozag Ym Sagoz the Greedy
  3343 | D:4      | Found a sparkling altar of Nemelex Xobeh.
  3399 | D:5      | Reached skill level 5 in Stealth
  3615 | D:5      | Learned a level 5 spell: Agony
  3681 | D:5      | Found a blossoming altar of Fedhas.
  3867 | D:5      | Gained mutation: You have razor-sharp teeth. [Vine Stalker
                  | growth]
  3867 | D:5      | Reached XP level 8. HP: 40/40 MP: 11/15
  4132 | D:5      | Found a shimmering blue altar of Sif Muna.
  4352 | D:6      | Reached skill level 1 in Short Blades
  4440 | D:6      | Reached skill level 5 in Spellcasting
  4440 | D:6      | Reached skill level 6 in Necromancy
  4831 | D:7      | Reached XP level 9. HP: 40/44 MP: 18/18
  5052 | D:6      | Noticed Duvessa
  5079 | D:6      | Killed Duvessa
  5080 | D:6      | Reached skill level 5 in Fighting
  5081 | D:6      | Noticed Dowan
  5090 | D:6      | Killed Dowan
  5415 | D:6      | Reached skill level 7 in Necromancy
  5639 | D:4      | Bought a potion of might for 56 gold pieces
  5639 | D:4      | Bought a potion of cancellation for 112 gold pieces
  5685 | D:6      | Identified a scroll of acquirement
  5685 | D:6      | Acquired a +2 rapier of protection
  5768 | D:7      | Found a shimmering altar of Xom.
  5984 | D:8      | Noticed a polar bear
  5998 | D:8      | Killed a polar bear
  5999 | D:8      | Reached XP level 10. HP: 52/53 MP: 17/20
  6176 | D:8      | Reached skill level 5 in Short Blades
  6195 | D:8      | Reached skill level 8 in Necromancy
  6572 | D:8      | Found a bloodstained altar of Trog.
  6680 | D:8      | Reached skill level 5 in Dodging
  7104 | D:8      | Noticed a two-headed ogre
  7169 | D:8      | Killed a two-headed ogre
  7513 | D:9      | Noticed Maggie
  7526 | D:9      | Killed Maggie
  7565 | D:10     | Entered Level 10 of the Dungeon
  7643 | D:10     | Reached XP level 11. HP: 58/58 MP: 21/21
  7646 | D:10     | Reached skill level 9 in Necromancy
  7694 | D:9      | Reached skill level 1 in Armour
  8079 | D:9      | Found a staircase to the Lair.
  8241 | D:9      | Noticed Harold
  8260 | D:9      | Killed Harold
  8310 | D:9      | Reached skill level 10 in Necromancy
  8821 | D:10     | Noticed an orange crystal statue
  9088 | D:10     | Identified the ring of Leaves {rC- rN++ Dex+6}
  9306 | D:10     | Reached XP level 12. HP: 59/65 MP: 20/22
  9810 | D:11     | You fall into a shaft and drop 3 floors!
 10054 | D:12     | Found Riskeruq's Antique Armour Shop.
 10192 | D:11     | Found a staircase to the Orcish Mines.
 10192 | D:11     | Noticed a two-headed ogre
 10195 | D:11     | Killed a two-headed ogre
 10510 | D:11     | Noticed a boulder beetle
 10521 | D:11     | Killed a boulder beetle
 10603 | D:11     | Noticed a death knight
 10616 | D:11     | Killed a death knight
 10632 | D:11     | Noticed a yaktaur captain
 10646 | D:11     | Killed a yaktaur captain
 10647 | D:11     | Reached skill level 11 in Necromancy
 10650 | D:11     | Got the Almanac of the Topological Swarm
 10678 | D:11     | Noticed a centaur warrior
 10686 | D:11     | Killed a centaur warrior
 10714 | D:11     | Got Otzido Jebu's Parchment of Snow and Shapeshifting
 10791 | D:11     | Noticed a boulder beetle
 10804 | D:11     | Killed a boulder beetle
 10812 | D:11     | Noticed a five-headed hydra
 10819 | D:11     | Killed a five-headed hydra
 11211 | D:11     | Noticed a frost giant
 11216 | D:11     | Slain by a frost giant

Illustrated notes

Levels and vault maps discovered:
D:1:      mrwooster_arrival_arrow, layout_basic
D:2:      layout_rooms, chequers_serial_rivers_marsh, minmay_cupped
D:3:      layout_rooms, hellmonk_ecumenical_altar_arch_garden
D:4:      layout_loops_ring, nemelex_dance_club_becter, temple_hall,
          serial_shops, nicolae_shop_behind_doors
D:5:      layout_basic, tgw_sif, fedhas_altar_1
D:6:      layout_basic, uniq_duvessa, uniq_sigmund
D:7:      layout_rooms, mainiacjoe_overflow_six_doors_small
D:8:      layout_cave_pools, trog_three_pillars_becter, serial_ice,
          serial_ice_e, serial_ice_f, serial_ice_o, serial_ice_k, serial_ice_m,
          serial_ice_c, serial_ice_g, minmay_misc_feat_alley,
          kb_lookout_dungeons_type, nicolae_underground_beach
D:9:      layout_irregular_city, david_lair_generic, uniq_maggie, uniq_harold
D:10:     minmay_separated_statues, layout_loops_corners
D:11:     minmay_box_of_curves, layout_irregular_city, orc_0_dummy,
          corexii_leaking_fountain, minmay_misc_feat_encased
D:12:     layout_loops_ring, nicolae_inconvenience_store
D:13:     layout_roguey, grunt_vaults_entry_fortified, enter_trove_3
D:14:     layout_cave_pods, grunt_decor_mini_mirrors, okawaru_altar_gauntlet_db,
          uniq_snorg
Temple:   minmay_temple_bridge_d

Skill      XL: |  1  2  3  4  5  6  7  8  9 10 11 12 |
---------------+-------------------------------------+-----
Stealth        | 3 4 5 |  5.5
Fighting       | 1 2 3 4 6 7 8 9 |  9.8
Dodging        | 2 3 4 5 7 8 |  8.4
Spellcasting   | 3 4 5 6 |  6.1
Necromancy     | 5 6 7 8 10 11 | 11.4
Short Blades   | 2 4 6 |  6.2
Armour         | 3 4 |  4.3

Action                     |  1- 3 |  4- 6 |  7- 9 | 10-12 || total
---------------------------+-------+-------+-------+-------++-------
  Melee: Dagger            |   132 |    47 |   208 |    51 ||   438
         Bite              |    30 |    14 |    91 |   260 ||   395
         Punch             |     1 |     3 |     3 |    14 ||    21
         Rapier            |       |       |    76 |   543 ||   619
  Throw: Dart              |       |       |       |     4 ||     4
   Cast: Necrotise         |    36 |    17 |    54 |    21 ||   128
         Vampiric Draining |       |       |     4 |     9 ||    13
         Agony             |       |       |       |     3 ||     3
  Evoke: Wand              |       |       |       |     1 ||     1
    Use: Scroll            |     3 |     6 |     8 |    10 ||    27
         Potion            |       |       |     1 |       ||     1
   Stab: Sleeping          |     4 |     2 |     7 |     6 ||    19
         Distracted        |       |     1 |       |     4 ||     5
 Armour: Robe              |    47 |    15 |   127 |    97 ||   286
         Swamp dragon scal |       |       |       |   182 ||   182
  Dodge: Dodged            |    88 |    23 |   217 |   413 ||   741

Table legend: (Time is in decaauts)
 A = Elapsed time spent in this place.
 B = Non-inter-level travel time spent in this place.
 C = Inter-level travel time spent in this place.
 D = Time resting spent in this place.
 E = Time spent auto-exploring this place.
 F = Levels seen in this place.
 G = Mean time per level.
                   A        B        C        D        E       F      G
               +--------+--------+--------+--------+--------+-----+--------+
         Total |  11172 |  10628 |    544 |    683 |   6234 |  15 |  744.8 |
       Dungeon |  11006 |  10562 |    444 |    683 |   6175 |  14 |  786.1 |
        Temple |    165 |     65 |    100 |      0 |     59 |   1 |  165.0 |
               +--------+--------+--------+--------+--------+-----+--------+

Top non-repeatable levels by time:
     D:6: 1314 daAuts
    D:10: 1292 daAuts
     D:9: 1059 daAuts
     D:8: 988 daAuts
    D:11: 981 daAuts
     D:1: 965 daAuts
     D:5: 894 daAuts
     D:7: 875 daAuts
     D:4: 850 daAuts
     D:3: 786 daAuts
     D:2: 676 daAuts
    D:12: 312 daAuts
  Temple: 165 daAuts
    D:14: 5 daAuts
    D:13: 3 daAuts
